 Dungeon Crawl Stone Soup version 0.18.1-50-g88ac8fd (webtiles) character file.

326 Iflex the Poker (level 6, -2/42 HPs)
             Began as a Merfolk Gladiator on Oct 1, 2016.
             Slain by Iflex's ghost (13 damage)
             ... on level 3 of the Dungeon.
             The game lasted 00:12:33 (2662 turns).

Iflex the Poker (Merfolk Gladiator)                 Turns: 2662, Time: 00:12:33

Health: -2/42      AC:  7    Str: 22    XL:     6   Next: 49%
Magic:  6/6        EV: 15    Int:  9    God:
Gold:   150        SH:  4    Dex: 15    Spells: 0 memorised, 5 levels left

rFire  . . .     SeeInvis .     v - +2 scythe (venom)
rCold  . . .     Gourm    .     b - +3 leather armour
rNeg   . . .     Faith    .     (shield currently unavailable)
rPois  .         Spirit   .     c - +0 helmet
rElec  .         Dismiss  .     (no cloak)
rCorr  .         Reflect  +     (no gloves)
SustAt .         Harm     .     (no boots)
MR     .....                    k - +4 amulet of reflection
Stlth  ++........               (no ring)
                                (no ring)

@: mighty, not resistant to hostile enchantments, unstealthy
A: change form in water, swift swim, clever 1, frail 1, MP-powered wands
a: no special abilities


You were on level 3 of the Dungeon.
You were very full.

You visited 1 branch of the dungeon, and saw 3 of its levels.

You collected 150 gold pieces.

Inventory:

Hand Weapons
 a - a +0 trident
 s - a +0 trident
 v - a +2 scythe of venom (weapon)
 y - a cursed -1 dagger
Armour
 b - a +3 leather armour (worn)
 c - a +0 helmet (worn)
 w - a +0 robe
Jewellery
 k - a +4 amulet of reflection (around neck)
Scrolls
 i - a scroll of random uselessness
 m - a scroll of recharging
 r - 4 scrolls of remove curse
Potions
 h - a potion of magic
 l - a potion of heal wounds
 o - a potion of lignification
 t - a potion of flight
Comestibles
 f - a bread ration
 g - 8 chunks of flesh


   Skills:
 + Level 3.4 Fighting
 + Level 7.1 Polearms
 + Level 2.4 Throwing
 + Level 1.2 Armour
 + Level 5.5 Dodging
 + Level 2.0 Stealth


You had 5 spell levels left.
You didn't know any spells.

Dungeon Overview and Level Annotations

Branches:
Dungeon (3/15)

Altars:
Cheibriados

Annotations:
D:3 Iflex's ghost, amateur MfGl


Innate Abilities, Weirdness & Mutations

You revert to your normal form in water.
You are very nimble and swift while swimming.
Your mind is acute. (Int +2)
You are frail (-10% HP).
You expend magic power (3 MP) to strengthen your wands.


Message History

Iflex's ghost whispers, "Trust me.
Just give in."
Iflex's ghost barely misses you. The rat closely misses you.
Iflex's ghost hits you!
You slice Iflex's ghost!!
Iflex's ghost is almost destroyed.
The rat bites you.
Iflex's ghost hits you but does no damage.
The rat closely misses you. Iflex's ghost hits you!
You barely miss Iflex's ghost.
Iflex's ghost is almost destroyed.
You block the rat's attack. Iflex's ghost hits you.
* * * LOW HITPOINT WARNING * * *
The rat completely misses you.
You are too injured to fight recklessly!
You are too injured to fight recklessly!
You are too injured to fight recklessly!
You barely miss Iflex's ghost.
Iflex's ghost is almost destroyed.
Iflex's ghost hits you!
You die...

#..#.......#..#
##.#.......#..###
#....._........#
#.#.......#....#
#(#.......#....###########
#.##.....##....#.........###
#.####.####....#.#.........#
#.........r......#.......#.#
#######......W@...###########.#
#......................# ####.#
###'######...<.......###.#
#....# .<................[..#
### #.####
......###............# #.#
......###............# #.#
(.........##########.# #.#
......##..# #.# #.# ....(.##..#
#.#######.#


You could see Iflex's ghost and a rat.

Vanquished Creatures
  Sigmund (D:2)
  4 gnolls
  7 adders
  2 oozes
  A worm (D:3)
  4 dart slugs
  4 giant geckos
  5 orcs (D:3)
  2 giant cockroaches
  5 goblins
  3 hobgoblins
  A quokka (D:2)
  A ball python (D:2)
  12 bats
  A giant newt (D:1)
  4 kobolds
  5 rats
62 creatures vanquished.

Notes
Turn   | Place    | Note
--------------------------------------------------------------
     0 | D:1      | Iflex the Merfolk Gladiator began the quest for the Orb.
     0 | D:1      | Reached XP level 1. HP: 16/16 MP: 1/1
    24 | D:1      | Reached skill level 5 in Polearms
    24 | D:1      | Reached XP level 2. HP: 19/23 MP: 2/2
   410 | D:1      | Reached XP level 3. HP: 26/28 MP: 3/3
  1396 | D:2      | Noticed Sigmund
  1410 | D:2      | Killed Sigmund
  1410 | D:2      | Reached skill level 6 in Polearms
  1410 | D:2      | Reached skill level 1 in Armour
  1410 | D:2      | Reached skill level 5 in Dodging
  1410 | D:2      | Reached skill level 1 in Stealth
  1410 | D:2      | Reached XP level 4. HP: 25/35 MP: 4/4
  1410 | D:2      | Reached XP level 5. HP: 29/41 MP: 5/5
  1880 | D:2      | Reached XP level 6. HP: 44/47 MP: 6/6
  2110 | D:3      | Found a snail-covered altar of Cheibriados.
  2469 | D:3      | Reached skill level 7 in Polearms
  2495 | D:3      | Noticed Iflex's ghost (amateur MfGl)
  2616 | D:3      | Gained mutation: You possess an exceptional clarity of mind. [potion of mutation]
  2616 | D:3      | Gained mutation: You are covered in fur (AC +1). [potion of mutation]
  2616 | D:3      | Gained mutation: You are occasionally teleported next to monsters. [potion of mutation]
  2617 | D:3      | Lost mutation: You possess an exceptional clarity of mind. [potion of cure mutation]
  2617 | D:3      | Lost mutation: You are occasionally teleported next to monsters. [potion of cure mutation]
  2617 | D:3      | Lost mutation: You are covered in fur (AC +1). [potion of cure mutation]
  2618 | D:3      | Gained mutation: Your mind is acute. (Int +2) [potion of mutation]
  2618 | D:3      | Gained mutation: You are frail (-10% HP). [potion of mutation]
  2618 | D:3      | Gained mutation: You expend magic power (3 MP) to strengthen your wands. [potion of mutation]
  2662 | D:3      | Slain by Iflex's ghost

Skill      XL: |  1  2  3  4  5  6 |
---------------+-------------------+-----
Polearms       | 5 6 7 |  7.1
Fighting       | 3 |  3.4
Armour         | 1 |  1.2
Dodging        | 5 |  5.5
Stealth        | 1 2 |  2.0
Throwing       | |  2.4

Action                   |  1- 3 |  4- 6 || total
-------------------------+-------+-------++-------
Melee: Trident           |   112 |       ||   112
       Scythe            |       |   116 ||   116
Throw: Throwing net      |     1 |     6 ||     7
  Use: Scroll            |       |    11 ||    11
       Potion            |       |    11 ||    11
 Stab: Sleeping          |     2 |     1 ||     3
       Distracted        |       |     1 ||     1
  Eat: Chunk             |     2 |       ||     2
       Bread ration      |       |     2 ||     2
       Pizza             |       |     1 ||     1
Armor: Leather armour    |    23 |    39 ||    62
Dodge: Dodged            |    55 |   108 ||   163
Block: Other             |       |    20 ||    20
